Map: Tokamak LE

Players

lIlIIIIllI

  • Race: Terran Terran
  • League: Grandmaster
  • Spawn Location: 1:00

SortOf - Winner!

  • Race: Zerg Zerg
  • League: Grandmaster
  • Spawn Location: 7:00

VOD

Have the link to the VOD?

Description

sortof hellion build defense

Time

  • Played on: Oct. 26, 2025, 7:52 a.m.
  • Length: 10:44
Show
View Real Time Build Order
Export as new Build Order

lIlIIIIllI Terran 

Build Orders: Command Center First 

Get SALT Encoding   

  12  0:00  SCV  
  13  0:12  SCV  
  14  0:17  Supply Depot  
  14  0:24  SCV  
  15  0:38  SCV  
  16  0:50  SCV  
  17  0:57  Command Center  
  17  1:02  SCV  
  18  1:12  Barracks  
  18  1:15  SCV  
  19  1:20  Refinery  
  19  1:27  SCV  
  19  1:28  Refinery  
  20  1:39  SCV  
  21  1:51  SCV  
  22  1:59  Barracks Reactor  
  22  2:03  Orbital Command  
  22  2:09  Orbital Command  
  22  2:16  Factory  
  22  2:28  SCV  
  23  2:34  SCV  
  23  2:35  Marine  
  23  2:36  Marine  
  26  2:40  SCV  
  27  2:46  SCV  
  27  2:49  Supply Depot  
  28  2:53  SCV, Marine x2  
  31  2:58  SCV  
  31  3:01  Starport  
  31  3:05  SCV  
  33  3:11  SCV  
  34  3:15  Hellion x2  
  34  3:17  SCV  
  39  3:20  Marine  
  39  3:22  Supply Depot  
  39  3:23  SCV  
  41  3:29  SCV  
  42  3:35  SCV  
  42  3:36  Hellion  
  42  3:38  Marine  
  46  3:43  SCV, Hellion, Armory, Medivac  
  46  3:47  SCV  
  52  3:56  Marine  
  52  3:58  Supply Depot  
  52  3:59  Supply Depot  
  53  4:15  Barracks Tech Lab  
  53  4:19  SCV  
  53  4:20  SCV, Hellion x2, Liberator  
  53  4:21  Supply Depot  
  53  4:23  Command Center  
  62  4:44  Marine  
  62  4:45  Stimpack  
  63  4:46  Hellion x2  
  63  4:52  Barracks x2  
  67  4:53  SCV  
  67  4:54  SCV  
  67  5:06  SCV x2  
  61  5:07  Starport Reactor  
  61  5:08  Hellion x2  
  63  5:18  SCV, Marine  
  63  5:21  SCV, Refinery  
  65  5:22  Engineering Bay  
  66  5:30  SCV  
  66  5:33  SCV, Barracks  
  66  5:34  Barracks  
  68  5:36  Orbital Command  
  68  5:41  Barracks Reactor x2  
  68  5:42  SCV  
  69  5:45  SCV  
  69  5:46  Refinery  
  69  5:49  Medivac x2  
  74  5:52  Hellion  
  74  5:54  SCV, Marine  
  78  5:57  SCV  
  78  6:02  Terran Infantry Weapons Level 1  
  79  6:06  SCV  
  79  6:10  SCV  
  73  6:11  Marine  
  73  6:16  Widow Mine x2  
  73  6:18  Orbital Command, Marine x3  
  78  6:19  Marine, Medivac x2  
  78  6:20  Barracks Reactor  
  78  6:22  Barracks Reactor  
  86  6:29  Marine  
  86  6:32  Supply Depot x2  
  87  6:36  Marine x4  
  87  6:38  Hellion  
  93  6:53  Liberator x2, Marine  
  100  6:57  Marine  
  100  6:58  Marine x7  
  108  7:03  Hellion x2  
  112  7:11  Marine  
  112  7:15  Marine x2  
  107  7:24  Marine x6  
  107  7:25  Hellion x2  
  107  7:28  Supply Depot  
  107  7:29  Supply Depot  
  117  7:34  Marine x3  
  117  7:36  Liberator  
  123  7:42  Marine x2  
  125  7:48  Marine  
  125  7:49  Liberator, Marine x3  
  131  7:52  Marine  
  131  7:56  Marine x2  
  131  7:58  Hellion x2  
  138  7:59  Marine  
  138  8:00  Marine  
  138  8:02  Supply Depot x3  
  140  8:06  Marine  
  141  8:16  Marine x3  
  141  8:17  Terran Infantry Armor Level 1  
  114  8:20  Marine  
  114  8:21  Marine x4  
  114  8:24  Marine  
  93  8:34  Marine x3  
  93  8:38  Liberator x2, Marine  
  93  8:39  Marine x4  
  94  8:42  Marine  
  94  8:45  Widow Mine x2  
  95  8:52  Marine x3  
  98  8:56  Marine  
  98  8:57  Marine x4  
  98  8:59  Marine  
  104  9:08  Widow Mine x2  
  108  9:10  Marine  
  108  9:14  Marine  
  108  9:15  Marine x4  
  108  9:16  Marine x2  
  116  9:17  Marine  
  116  9:21  Liberator x2  
  123  9:27  Marine  
  123  9:29  Widow Mine x2  
  111  9:45  Marine x7  
  107  10:03  Marine x4  
  107  10:06  Barracks Reactor x2  
  113  10:19  Marine  
  113  10:20  Marine  
  113  10:21  Marine x2  
  115  10:24  Marine  
Show
View Real Time Build Order
Export as new Build Order

SortOf Zerg - Winner!

Build Orders: Hatch First 

Get SALT Encoding   

  12  0:01  Drone  
  13  0:09  Drone  
  14  0:15  Extractor  
  14  0:16  Drone  
  15  0:22  Overlord  
  15  0:41  Drone  
  16  0:45  Hatchery  
  16  0:49  Drone  
  16  0:52  Drone  
  17  0:57  Drone  
  18  1:08  Extractor  
  17  1:12  Spawning Pool  
  17  1:14  Drone  
  17  1:17  Drone  
  18  1:26  Drone  
  19  1:37  Drone  
  20  1:48  Drone  
  21  1:59  Queen x2  
  25  2:02  Zergling x4  
  27  2:09  Overlord  
  27  2:11  Drone  
  28  2:22  Hatchery  
  27  2:23  Drone  
  27  2:29  Drone  
  29  2:30  Drone  
  29  2:32  Drone  
  31  2:41  Queen  
  33  2:45  Overlord  
  33  2:48  Drone  
  34  2:51  Metabolic Boost  
  34  2:54  Drone  
  34  2:57  Drone  
  36  3:04  Queen  
  38  3:06  Drone  
  38  3:08  Drone  
  38  3:12  Drone  
  41  3:15  Overlord  
  41  3:18  Drone x2  
  43  3:21  Zergling x2  
  44  3:32  Overlord, Queen  
  46  3:35  Drone  
  46  3:40  Queen  
  49  3:43  Drone  
  49  3:48  Drone x2  
  52  3:49  Drone  
  52  3:50  Drone  
  52  3:52  Drone  
  52  3:55  Queen  
  55  3:58  Drone x2  
  55  4:01  Overlord  
  60  4:02  Drone  
  60  4:05  Drone x2  
  60  4:07  Zergling x2  
  60  4:08  Zergling x2  
  64  4:13  Queen  
  65  4:17  Overlord  
  65  4:21  Drone x3  
  65  4:23  Drone  
  65  4:24  Drone  
  70  4:26  Drone  
  71  4:31  Drone x2  
  71  4:37  Lair  
  74  4:38  Drone x2  
  74  4:42  Baneling Nest, Extractor  
  74  4:43  Zergling x10  
  78  4:55  Zergling x8  
  76  5:07  Drone x6  
  76  5:13  Overlord  
  82  5:15  Evolution Chamber  
  82  5:20  Overlord  
  81  5:23  Extractor  
  81  5:24  Overlord, Extractor  
  81  5:26  Hatchery, Overlord, Evolution Chamber  
  77  5:31  Queen  
  77  5:34  Drone x3  
  82  5:37  Centrifugal Hooks  
  81  5:45  Drone x2  
  82  5:50  Drone  
  82  5:52  Overlord  
  82  5:53  Zergling x16  
  91  6:00  Drone x3  
  91  6:01  Zerg Ground Armor Level 1  
  91  6:02  Zerg Melee Weapons Level 1  
  94  6:09  Drone x4  
  98  6:15  Drone x2  
  98  6:16  Overseer  
  100  6:20  Queen, Overlord  
  100  6:24  Zergling x8  
  106  6:31  Baneling x11  
  106  6:34  Overlord, Overseer  
  111  6:40  Drone x9  
  115  6:48  Zergling x8  
  115  6:51  Drone  
  115  6:53  Overlord  
  120  6:57  Zergling x2  
  120  7:01  Queen  
  120  7:03  Drone x4, Spore Crawler  
  120  7:06  Zergling x4  
  127  7:09  Baneling x4  
  127  7:12  Hatchery  
  123  7:17  Zergling x16  
  125  7:23  Zergling x10  
  125  7:28  Hatchery  
  129  7:30  Zergling x4, Extractor x2  
  129  7:35  Overlord  
  129  7:36  Drone  
  129  7:37  Drone x4  
  132  7:38  Drone  
  132  7:39  Overlord  
  135  7:53  Overlord  
  135  7:58  Zerg Ground Armor Level 2  
  135  7:59  Zerg Melee Weapons Level 2  
  135  8:01  Zergling x24  
  135  8:05  Zergling x2, Infestation Pit  
  148  8:06  Hydralisk Den, Extractor  
  148  8:08  Zergling x4  
  148  8:11  Baneling x12  
  147  8:17  Zergling x12  
  137  8:22  Zergling x4  
  137  8:25  Baneling x2  
  137  8:26  Baneling x3  
  139  8:33  Zergling x20  
  133  8:37  Zergling x10  
  131  8:45  Hive  
  131  8:46  Hydralisk x6, Grooved Spines  
  142  8:51  Baneling x5  
  142  8:52  Zergling x10  
  142  8:55  Baneling x4  
  147  8:59  Zergling x6  
  150  9:04  Zergling x6  
  150  9:08  Spore Crawler  
  150  9:09  Baneling x7, Spore Crawler  
  151  9:13  Drone x8  
  159  9:18  Zergling x8  
  162  9:30  Zergling x2  
  162  9:36  Drone x3  
  162  9:37  Drone  
  157  9:39  Hydralisk x3  
  157  9:44  Zergling x12  
  162  9:47  Overlord  
  162  9:48  Overlord x2  
  162  9:49  Pneumatized Carapace  
  157  9:57  Drone  
  157  9:58  Drone  
  158  10:02  Drone x6, Extractor  
  161  10:09  Viper  
  161  10:11  Hydralisk  
  161  10:12  Zergling x30  
  180  10:18  Overseer  
  180  10:21  Zergling x10  
  180  10:25  Extractor, Spore Crawler  
Tags
 
Add a new tag
Caveats
  • Supply blocks, unpowered buildings, or Contaminate may cause inaccurate times.
  • Supply counts are checked every 10 seconds.